 Dungeon Crawl Stone Soup version 0.27-a0-732-ga892ba84f6 (console) character file.

Game seed: 18262944145228236731

110418 jejorda2 the Phalangite (level 16, -2/201 HPs)
             Began as a Merfolk Berserker on Mar 23, 2021.
             Was the Champion of Trog.
             Slain by an orc high priest
             ... wielding a +0 halberd
              (13 damage)
             ... on level 2 of the Orcish Mines.
             The game lasted 01:19:56 (34582 turns).

jejorda2 the Phalangite (Merfolk Berserker)        Turns: 34582, Time: 01:19:57

Health: -2/201     AC: 20    Str: 26    XL:     16   Next: 55%
Magic:  5/5        EV: 14    Int: 15    God:    Trog [******]
Gold:   3184       SH:  0    Dex: 13    Spells: 15/15 levels left

rFire    + . .     SeeInvis .   a - +4 bardiche (antimagic)
rCold    + . .     Faith    +   (shield currently unavailable)
rNeg     . . .     Spirit   .   N - +0 ice dragon scales
rPois    .         Reflect  .   L - +2 hat {Int+3}
rElec    .         Harm     .   H - scarf {shadows}
rCorr    .         Rampage  .   S - +2 pair of gloves
Will     +++..     Clarity  +   M - +0 pair of boots
Stlth    ..........             h - amulet of faith
HPRegen  1.43/turn              K - ring "Kitu" {rF+ Slay+3}
MPRegen  0.09/turn              Q - ring "Tasiv" {Fire Str+4 Int+3}

@: berserking, regenerating, studying Fighting, very quick
A: (nimble swimmer 2), mertail, clarity
a: Renounce Religion, Berserk, Trog's Hand, Brothers in Arms


You were on level 2 of the Orcish Mines.
You worshipped Trog.
Trog was exalted by your worship.
You visited 3 branches of the dungeon, and saw 23 of its levels.
You also visited: Bailey and Ice Cave.

You collected 3184 gold pieces.

Inventory:

Hand Weapons
 a - a +4 antimagic bardiche (weapon)
 b - a +2 glaive of flaming
Missiles
 o - 17 javelins
 r - 35 poisoned darts
 I - 73 boomerangs (quivered)
 V - 2 throwing nets
Armour
 i - +0 fire dragon scales
 B - a +1 scale mail of poison resistance
 H - a scarf of shadows (worn)
 L - a +2 hat of intelligence (worn)
 M - a +0 pair of boots (worn)
 N - +0 ice dragon scales (worn)
 S - a +2 pair of gloves (worn)
Jewellery
 h - an amulet of faith (around neck)
 j - a ring of see invisible
 v - a ring of flight
 x - a ring of protection from cold
 K - the ring "Kitu" (right hand) {rF+ Slay+3}
   (You acquired it in a bailey)

   [ring of protection from fire]

   It affects your accuracy and damage with ranged weapons and melee attacks
   (+3).
   It protects you from fire.
 Q - the ring "Tasiv" (left hand) {Fire Str+4 Int+3}
   (You found it on level 15 of the Dungeon)

   [ring of fire]

   It enhances your fire magic.
   It affects your strength (+4).
   It affects your intelligence (+3).
   It protects you from fire.
   It makes you vulnerable to cold.
 W - a +4 ring of evasion
 Z - a ring of fire
Wands
 p - a wand of digging (17)
 q - a wand of iceblast (25)
 s - a wand of paralysis (6)
 t - a wand of acid (11)
 u - a wand of polymorph (24)
 E - a wand of flame (23)
 Y - a wand of mindburst (10)
Scrolls
 d - 4 scrolls of fog
 g - a scroll of enchant weapon
 k - 6 scrolls of teleportation
 n - 5 scrolls of magic mapping
 w - 3 scrolls of fear
 y - a scroll of blinking
 F - a scroll of holy word
 P - a scroll of summoning
 R - a scroll of silence
Potions
 c - 2 potions of cancellation
 e - a potion of resistance
 f - 4 potions of lignification
 l - 9 potions of heal wounds
 m - 6 potions of curing
 z - 2 potions of ambrosia
 A - 6 potions of mutation
 C - 3 potions of might
 D - 3 potions of flight
 G - a potion of attraction
 J - a potion of invisibility
 O - a potion of berserk rage
 X - 4 potions of haste
Miscellaneous
 T - a condenser vane (inert)


   Skills:
 * Level 14.4 Fighting
 - Level 26.0 Polearms
 + Level 9.0 Throwing
 + Level 10.8 Armour
 + Level 10.4 Dodging
 - Level 6.0 Evocations


You had 15 spell levels left.
You didn't know any spells.
Your spell library contained the following spells:

 Spells                   Type           Power      Damage    Failure   Level
 Sting                    Tmut/Pois      0%         1d3       52%         1
 Poisonous Vapours        Pois/Air       0%         N/A       65%         2
 Ignite Poison            Fire/Tmut/Pois 0%         N/A       87%         3
 Mephitic Cloud           Conj/Pois/Air  0%         N/A       87%         3
 Olgreb's Toxic Radiance  Pois           0%         N/A       99%         4


Dungeon Overview and Level Annotations

Branches:
Dungeon (15/15)            Temple (0/1) D:7            Lair (6/6) D:10
  Swamp (0/4) Lair:3       Spider (0/4) Lair:4        Slime (0/5) Lair:6
    Orc (2/2) D:12            Elf (0/3) Orc:2        Vaults (0/5) D:14
 Depths (0/5) D:15         Bailey (visited)           IceCv (visited)

Altars:
Cheibriados
Dithmenos
Elyvilon
Fedhas
Gozag
Nemelex Xobeh
Okawaru
Qazlal
Ru
Trog
Vehumet
Wu Jian
Xom
Zin
The Shining One
Beogh
Jiyva

Shops:
D:2 *

Annotations:
Lair:6 1 runed translucent door


Innate Abilities, Weirdness & Mutations

((You are quick and stealthy while swimming. (Stealth+, EV+, Speed+++)))
Your lower body shifts to a powerful aquatic tail in water.
You possess an exceptional clarity of mind.


Message History

The orc knight is engulfed in blazing flames.
The orc knight hits you with a +0 great sword!
* * * LOW HITPOINT WARNING * * *
The hellwing hits you but does no damage.
The hellwing completely misses you.
The orange demon is engulfed in blazing flames.
The orange demon barely misses you.
The orc knight is engulfed in blazing flames.
The orc knight hits you with a +2 vorpal great mace!
* * * LOW HITPOINT WARNING * * *
* * * LOW HITPOINT WARNING * * *
The orc high priest is engulfed in blazing flames.
The orc high priest mumbles some strange prayers to Beogh.
The orc high priest is healed somewhat.
Unknown command.
Unknown command.
Unknown command.
You slice the orc knight!!
The orc knight is almost dead.
The orc high priest is engulfed in blazing flames.
The orc high priest closely misses you.
You barely miss the orc knight.
The orc knight is almost dead.
The orc knight is engulfed in blazing flames. x2
The orc knight hits you but does no damage.
The orange demon is engulfed in blazing flames.
You feel the power of Trog in you as your rage grows.
You kill the orange demon!
The orc sorcerer is engulfed in blazing flames.
The orc sorcerer casts a spell at you. You resist with almost no effort.
The hellwing hits you.
* * * LOW HITPOINT WARNING * * *
The hellwing closely misses you.
The orc knight is engulfed in blazing flames.
You kill the orc knight!
Trog accepts your kill.
The orc high priest is engulfed in blazing flames.
The orc high priest hits you from afar with a +0 halberd!
You die...

#....###.##.
#.....###... #....§§§.#
#......##...
#§§§§°§§§###......#.#..
#§§§§§§§§§ #.........##
#§§§§☼§§§ ##..))#.#.##.
#.§§oo§ #...)#......#
#§oo§####...###)).###
#§o§@§##)...# ##)#.#.
###4.......## #.).#..
##......## #..#...
###...## ###.... ##
##### #..#. .## ###
#### ##.## ..## #.####
###..# #.... ##.##
####....##
##....####.## [<..#
##........#
##.....#.#####


You could see 2 orc knights, 2 orc high priests, a hellwing (summoned) and an
orc sorcerer (strong).

Vanquished Creatures
  Frances (D:13)
  The ghost of Cutsopp the Severer, an adept MiBe of Trog (D:15)
  Gastronok (Lair:1)
  An orc warlord (Bailey)
  Azrael (D:13)
  A dire elephant (Lair:1)
  A blizzard demon (D:15)
  A fire dragon (D:14)
  Josephine (D:15)
  An ettin (D:14)
  Fannar (Lair:2)
  Harold (Lair:1)
  An ice dragon (D:14)
  An ogre mage (D:15)
  A boulder beetle (D:15)
  6 hydras
  A death knight (D:14)
  2 catoblepae
  2 two-headed ogres
  2 centaur warriors
  A tengu warrior (D:14)
  10 death yaks
  Urug (Orc:1)
  An orc high priest (Orc:2)
  A deep elf knight (D:15)
  A hell knight (D:15)
  A shadow wraith (D:14)
  2 unseen horrors (D:12)
  A wizard (D:15)
  3 deep elf pyromancers (D:15)
  4 orc knights
  3 orc sorcerers (Orc:2)
  2 oklob plants (Lair:4)
  A wolf spider (Lair:4)
  4 cyclopes
  29 elephants
  21 ugly things
  8 black mambas
  An ice statue (D:14)
  2 gargoyles
  Maggie (D:6)
  A kobold demonologist (D:15)
  A komodo dragon (shapeshifter) (D:15)
  21 cane toads
  A yaktaur (D:15)
  Psyche (D:8)
  6 komodo dragons
  6 rime drakes
  5 tengu conjurers
  8 trolls
  A wind drake (shapeshifter) (D:14)
  A meliai (shapeshifter) (D:12)
  A jumping spider (Lair:4)
  A meliai (D:10)
  6 polar bears
  Prince Ribbit (D:5)
  18 blink frogs
  5 tyrant leeches
  6 centaur simulacra (D:15)
  A redback (shapeshifter) (D:15)
  6 wraiths
  3 wyverns
  47 yaks
  Eustachio (D:7)
  2 fire elementals (D:13)
  5 basilisks
  Grum (D:8)
  2 steam dragons
  10 vampire mosquitoes
  A redback simulacrum (D:15)
  4 wargs
  An acid dragon (D:15)
  3 swamp worms (Lair:3)
  Duvessa (D:6)
  A harpy simulacrum (D:15)
  2 hell hounds (D:13)
  5 water moccasins
  8 ice beasts
  23 orc warriors
  2 sky beasts
  A black bear (shapeshifter) (D:14)
  9 ogres
  13 wolves
  A necrophage (D:8)
  A phantom (D:9)
  13 centaurs
  A gnoll sergeant (D:7)
  A kobold brigand (D:11)
  25 bullfrogs
  A water moccasin zombie (D:7)
  A water moccasin skeleton (D:5)
  Dowan (D:6)
  4 scorpions
  22 killer bees
  15 wights
  A howler monkey (D:13)
  12 electric eels
  2 quasits
  5 centaur zombies
  14 orc priests
  6 hounds
  5 jellies
  5 bullfrog skeletons
  8 centaur skeletons
  Ijyb (D:3)
  5 iguanas
  9 worker ants
  13 orc wizards
  4 hell rats (Lair:6)
  A hound zombie (D:6)
  A hound skeleton (D:8)
  A worker ant zombie (D:11)
  10 adders
  12 gnolls
  A howler monkey skeleton (D:7)
  A shadow imp (D:5)
  A white imp (D:8)
  2 ufetubi
  4 adder zombies
  2 worms (D:3)
  A dart slug (D:3)
  88 orcs
  2 giant cockroaches
  15 goblins
  9 hobgoblins
  15 jackals
  20 kobolds
  11 oozes
  9 quokkas
  6 ball pythons
  7 bats
  7 frilled lizards
  9 rats
  A butterfly (D:7)
780 creatures vanquished.

Vanquished Creatures (collateral kills)
  2 ice statues (IceCv)
  A cane toad (Lair:6)
  A tengu conjurer (D:10)
  2 fire elementals (D:13)
  4 yaks (D:13)
  2 vampire mosquitoes (D:13)
  2 hell hounds (D:13)
  An orc warrior (D:13)
  An orc (D:13)
16 creatures vanquished.

Vanquished Creatures (others)
  2 wights (D:14)
  An orc priest (Orc:2)
  An orc wizard (Orc:2)
  An orc (Orc:1)
  48 fungi
  130 plants
  5 toadstools (Lair:1)
188 creatures vanquished.

Grand Total: 984 creatures vanquished

Notes
Turn   | Place    | Note
-------+----------+-------------------------------------------
     0 | D:1      | jejorda2 the Merfolk Berserker began the quest for the Orb.
     0 | D:1      | Reached XP level 1. HP: 18/18 MP: 1/1
   542 | D:1      | Reached XP level 2. HP: 23/24 MP: 2/2
   611 | D:1      | Reached skill level 5 in Polearms
   814 | D:1      | Reached ** piety under Trog
   948 | D:1      | Reached XP level 3. HP: 29/29 MP: 3/3
  1321 | D:2      | Found Taddad's General Store.
  1521 | D:2      | Found a sacrificial altar of Ru.
  2169 | D:3      | Found a shimmering altar of Xom.
  2223 | D:3      | Noticed Ijyb
  2242 | D:3      | Killed Ijyb
  2243 | D:3      | Reached skill level 6 in Polearms
  2243 | D:3      | Reached XP level 4. HP: 25/37 MP: 2/4
  2601 | D:3      | Found a sacrificial altar of Ru.
  2663 | D:3      | Reached XP level 5. HP: 42/42 MP: 5/5
  2687 | D:3      | Reached *** piety under Trog
  2733 | D:3      | Reached skill level 7 in Polearms
  3063 | D:3      | Found a blossoming altar of Fedhas.
  3614 | D:4      | Reached XP level 6. HP: 49/49 MP: 6/6
  3933 | D:4      | Identified the +2 short sword "Jiggopal" {holy, *Corrode
                  | rN++ Str+9}
  4056 | D:4      | Found an ornate altar of the Wu Jian Council.
  4056 | D:4      | Found a sparkling altar of Nemelex Xobeh.
  4198 | D:4      | Reached skill level 8 in Polearms
  4502 | D:4      | Reached skill level 5 in Fighting
  4758 | D:4      | Reached XP level 7. HP: 56/56 MP: 7/7
  4970 | D:5      | Entered Level 5 of the Dungeon
  5013 | D:5      | Reached skill level 9 in Polearms
  5058 | D:5      | Noticed Prince Ribbit
  5079 | D:5      | Killed Prince Ribbit
  5080 | D:5      | Reached skill level 1 in Evocations
  5399 | D:5      | Reached XP level 8. HP: 64/64 MP: 8/8
  5521 | D:5      | Reached skill level 10 in Polearms
  5970 | D:5      | Identified a scroll of acquirement
  5970 | D:5      | Acquired a manual of Polearms
  5987 | D:6      | Noticed Dowan
  6004 | D:6      | Killed Dowan
  6138 | D:6      | Noticed Duvessa
  6149 | D:6      | Killed Duvessa
  6150 | D:6      | Reached skill level 11 in Polearms
  6217 | D:6      | Noticed Maggie
  6230 | D:6      | Killed Maggie
  6231 | D:6      | Reached skill level 12 in Polearms
  6325 | D:6      | Found a bloodstained altar of Trog.
  6428 | D:6      | Reached XP level 9. HP: 64/69 MP: 9/9
  6524 | D:6      | Found a snail-covered altar of Cheibriados.
  6585 | D:6      | Reached **** piety under Trog
  6586 | D:6      | Reached skill level 13 in Polearms
  6704 | D:6      | Found a glowing golden altar of the Shining One.
  6808 | D:6      | Found a stormy altar of Qazlal.
  6808 | D:6      | Found a faded altar of an unknown god.
  6808 | D:6      | Noticed Pikel
  6810 | D:6      | Noticed Pikel
  6810 | D:6      | Pikel changed into Pikel the iguana
  6821 | D:6      | Killed Pikel the iguana
  6828 | D:6      | Found a shadowy altar of Dithmenos.
  6830 | D:6      | Found a radiant altar of Vehumet.
  6832 | D:6      | Found a faded altar of an unknown god.
  7306 | D:7      | Found a staircase to the Ecumenical Temple.
  7370 | D:7      | Reached skill level 14 in Polearms
  7873 | D:7      | Noticed Eustachio
  7877 | D:7      | Found the +5 sword of Power {vorpal}
  8100 | D:7      | Killed Eustachio
  8101 | D:7      | Reached skill level 15 in Polearms
  8101 | D:7      | Reached skill level 5 in Armour
  8260 | D:7      | Reached skill level 5 in Evocations
  8575 | D:8      | Reached ***** piety under Trog
  8584 | D:8      | Reached skill level 16 in Polearms
  8723 | D:8      | Reached XP level 10. HP: 76/76 MP: 10/10
  8734 | D:8      | Noticed Psyche
  8747 | D:8      | Killed Psyche
  8759 | D:8      | Acquired 722 gold pieces
  8815 | D:8      | Noticed an angel
  8816 | D:8      | Found a glowing silver altar of Zin.
  8883 | D:8      | Noticed Grum
  8897 | D:8      | Killed Grum
  8899 | D:8      | Reached skill level 17 in Polearms
 10030 | D:9      | Reached skill level 18 in Polearms
 10114 | D:9      | Found an iron altar of Okawaru.
 10909 | D:9      | Found an opulent altar of Gozag.
 11078 | D:10     | Entered Level 10 of the Dungeon
 11127 | D:10     | Reached skill level 1 in Throwing
 11246 | D:10     | Noticed a five-headed hydra
 11254 | D:10     | Killed a five-headed hydra
 11273 | D:10     | Reached XP level 11. HP: 32/83 MP: 11/11
 11673 | D:10     | Reached skill level 19 in Polearms
 12373 | D:10     | Found a staircase to the Lair.
 12629 | Lair:1   | Entered Level 1 of the Lair of Beasts
 12723 | Lair:1   | Noticed Gastronok
 12738 | Lair:1   | Killed Gastronok
 12973 | Lair:1   | Reached skill level 20 in Polearms
 13430 | Lair:1   | Noticed a dire elephant
 13430 | Lair:1   | Noticed a catoblepas
 13453 | Lair:1   | Found a runed translucent door.
 13915 | Lair:1   | Killed a dire elephant
 14336 | Lair:1   | Killed a catoblepas
 14337 | Lair:1   | Reached XP level 12. HP: 37/92 MP: 12/12
 14650 | Lair:1   | Identified the +8 halberd of the Slicing Shark {vorpal,
                  | *Drain rC+ Dex+2}
 14750 | Lair:2   | Noticed Harold
 14762 | Lair:1   | Killed Harold
 14791 | Lair:2   | Noticed Fannar
 14799 | Lair:2   | Killed Fannar
 14800 | Lair:2   | Reached skill level 5 in Throwing
 16844 | Lair:3   | Found a staircase to the Swamp.
 17287 | Lair:4   | Noticed a death yak
 17287 | Lair:4   | Noticed a death yak
 17299 | Lair:4   | Noticed a death yak
 17301 | Lair:4   | Noticed a death yak
 17303 | Lair:4   | Noticed a death yak
 17317 | Lair:4   | Killed a death yak
 17332 | Lair:4   | Killed a death yak
 17338 | Lair:4   | Killed a death yak
 17349 | Lair:4   | Killed a death yak
 17354 | Lair:4   | Killed a death yak
 17355 | Lair:4   | Reached skill level 21 in Polearms
 17355 | Lair:4   | Reached skill level 5 in Dodging
 17775 | Lair:4   | Found a hole to the Spider Nest.
 17791 | Lair:4   | Reached XP level 13. HP: 81/101 MP: 13/13
 18522 | Lair:4   | Reached ****** piety under Trog
 19372 | Lair:5   | Reached skill level 10 in Fighting
 19713 | Lair:5   | Reached skill level 22 in Polearms
 20075 | Lair:5   | Received a gift from Trog
 20528 | Lair:6   | Entered Level 6 of the Lair of Beasts
 21761 | Lair:5   | Reached skill level 23 in Polearms
 21851 | Lair:6   | Reached XP level 14. HP: 84/110 MP: 14/14
 22350 | Lair:6   | Received a gift from Trog
 22656 | Lair:6   | Reached skill level 24 in Polearms
 23478 | Lair:6   | Found a runed translucent door.
 23478 | Lair:6   | Found a viscous altar of Jiyva.
 23478 | Lair:6   | Noticed an acid blob
 23478 | Lair:6   | Noticed an acid blob
 23479 | Lair:6   | Found a staircase to the Slime Pits.
 23479 | Lair:6   | Noticed an acid blob
 24045 | Lair:6   | Reached skill level 10 in Armour
 25177 | D:11     | Reached skill level 25 in Polearms
 25790 | D:12     | Found a staircase to the Orcish Mines.
 25892 | D:12     | Reached XP level 15. HP: 115/115 MP: 15/15
 25894 | D:12     | Received a gift from Trog
 26367 | D:12     | You fall into a shaft and drop 2 floors!
 26415 | D:14     | Found a radiant altar of Vehumet.
 26447 | D:14     | Found a frozen archway.
 26642 | IceCv    | Entered an ice cave
 26705 | IceCv    | Found a transporter.
 26730 | IceCv    | Found a transporter.
 26734 | IceCv    | Reached skill level 26 in Polearms
 27305 | D:14     | Found a gate to the Vaults.
 27780 | D:14     | Found a white marble altar of Elyvilon.
 28159 | D:13     | Noticed Azrael
 28174 | D:13     | Killed Azrael
 28204 | D:13     | Received a gift from Trog
 28282 | D:13     | Found a flagged portal.
 28423 | Bailey   | Entered a bailey
 28457 | Bailey   | Noticed an orc warlord
 28621 | Bailey   | Found a runed translucent gate.
 28623 | Bailey   | Found a runed translucent gate.
 28625 | Bailey   | Found a runed translucent gate.
 28742 | Bailey   | Killed an orc warlord
 28761 | Bailey   | Identified the +1 robe "Efrapry" {-Tele rN+ Will+ Dex+4}
 28772 | Bailey   | Acquired a manual of Fighting
 28774 | Bailey   | Acquired the ring "Kitu" {rF+ Slay+3}
 29203 | D:13     | Noticed Frances
 29211 | D:13     | Killed Frances
 29211 | D:13     | Received a gift from Trog
 29723 | D:15     | Entered Level 15 of the Dungeon
 29723 | D:15     | Noticed Josephine
 29971 | D:15     | Killed Josephine
 30039 | D:15     | Found a staircase to the Depths.
 30520 | D:15     | Reached XP level 16. HP: 127/127 MP: 5/16
 30715 | D:15     | Received a gift from Trog
 30998 | D:15     | Found a runed translucent gate.
 30999 | D:15     | Found a runed translucent gate.
 31000 | D:15     | Found a runed translucent gate.
 31040 | D:15     | Noticed Cutsopp's ghost (adept MiBe)
 32498 | D:15     | Reached skill level 10 in Dodging
 32697 | D:15     | Killed Cutsopp's ghost
 33072 | D:15     | Identified the ring "Tasiv" {Fire Str+4 Int+3}
 33207 | Orc:1    | Entered Level 1 of the Orcish Mines
 33336 | Orc:1    | Noticed Urug
 33345 | Orc:1    | Killed Urug
 33595 | Orc:2    | Entered Level 2 of the Orcish Mines
 33632 | Orc:2    | Received a gift from Trog
 33692 | Orc:1    | Paralysed by an orc sorcerer for 6 turns
 33699 | Orc:1    | Gained mutation: You possess an exceptional clarity of
                  | mind. [a neqoxec]
 34085 | Orc:2    | Found a staircase to the Elven Halls.
 34582 | Orc:2    | Slain by an orc high priest

Illustrated notes

Levels and vault maps discovered:
D:1:      psy_arrival_spokes, layout_loops_corners
D:2:      layout_basic, serial_shops, nicolae_shop_behind_doors,
          lemuel_altar_in_water
D:3:      kennysheep_the_goblin_king, layout_basic, general_overflow_altar,
          fedhas_altar_3, old_standard_altar, serial_curves, eino_curves_02,
          eino_curves_03, grunt_decor_one_mirror, skrybe_limestone_x,
          minmay_circle_x
D:4:      layout_loops_ring, gammafunk_temple_overflow_pools,
          kennysheep_small_square, uniq_ijyb
D:5:      layout_basic, minmay_pentangle, uniq_prince_ribbit1
D:6:      layout_rooms, kennysheep_mini, chequers_temple_overflow_minitemple,
          bloody_trog, lemuel_coloured_pillars_altar, uniq_maggie, uniq_duvessa,
          uniq_pikel
D:7:      layout_loops_corners, minmay_temple_entry_butterflies,
          chequers_serial_rivers_micro_e, sword_in_stone
D:8:      layout_loops_corners, zin_angel, uniq_grum, uniq_psyche
D:9:      layout_gridville, kennysheep_mini_moat, basic_altar, serial_bayou,
          serial_bayou_pond_d, serial_bayou_pond_d, serial_bayou_pond_c,
          serial_bayou_pond_e, serial_bayou_lagoon_b, serial_bayou_lake_a
D:10:     minmay_curly_fans, layout_basic, erik_lair_orcish_takeover,
          minivault_25, kennysheep_generic_room_11
D:11:     layout_small_grid
D:12:     layout_loops_ring, orc_0_dummy
D:13:     layout_long_grid, enter_bailey_2,
          hangedman_abyss_or_decor_lesser_grid, uniq_azrael, uniq_frances
D:14:     minmay_statue_hallways, layout_basic, david_vaults_4,
          portal_ice_cave_entry_animals_and_master, nicolae_vehumet_radiance,
          elyvilon_altar_3
D:15:     hangedman_depths_entry_civil_slaughter, layout_cave_pods,
          minmay_misc_feat_secret_circle, gammafunk_ghost_icy, uniq_josephine
Lair:1:   gammafunk_lair_enchanted_lake, layout_loops_ring, lemuel_fruit_tree,
          uniq_gastronok
Lair:2:   layout_regular_city, uniq_harold, uniq_fannar
Lair:3:   layout_regular_city, minmay_swamp_entry_worms, serial_bayou_shore_b,
          infiniplex_staircase_pool_2
Lair:4:   layout_regular_city, spider_nest_entry_funnel_web, st_stairs_10,
          chequers_serial_rivers_micro_a, minmay_lair_oklob_chamber,
          serial_bayou_shore_a
Lair:5:   statuecave_lemuel, layout_small_grid
Lair:6:   minmay_lair_end_frog_pond, layout_loops_ring, slime_altar_2
Orc:1:    layout_diamond_mine, basic_altar, nicolae_orc_damp_corner, uniq_urug
Orc:2:    grunt_orc_tribal_feast, layout_diamond_mine

Skill      XL: |  1  2  3  4  5  6  7  8  9 10 11 12 13 14 15 16 |
---------------+-------------------------------------------------+-----
Polearms       | 5 6 7 8 9 12 16 18 20 21 23 25 26 | 26.0
Fighting       | 4 5 6 8 9 10 12 14 | 14.4
Armour         | 2 3 4 5 6 7 9 10 | 10.8
Evocations     | 1 3 5 6 |  6.0
Throwing       | 2 4 6 8 9 |  9.0
Dodging        | 6 7 9 10 | 10.4

Action                   |  1- 3 |  4- 6 |  7- 9 | 10-12 | 13-15 | 16-18 || total
-------------------------+-------+-------+-------+-------+-------+-------++-------
Melee: Spear             |   123 |   174 |   413 |       |       |       ||   710
       Demon trident     |       |       |    37 |   182 |    15 |       ||   234
       Trident           |       |       |    32 |       |       |       ||    32
       Halberd           |       |       |       |    35 |       |       ||    35
       Tailslap          |       |       |       |    19 |    13 |       ||    32
       Glaive            |       |       |       |   307 |   864 |    40 ||  1211
       Bardiche          |       |       |       |       |   324 |   282 ||   606
Throw: Dart              |       |       |       |    26 |       |       ||    26
       Javelin           |       |       |       |       |     6 |       ||     6
       Boomerang         |       |       |       |       |     4 |       ||     4
Invok: Berserk           |       |     3 |     6 |     7 |     7 |     3 ||    26
       Trog's Hand       |       |       |     3 |     5 |     7 |     3 ||    18
       Brothers in Arms  |       |       |       |     2 |     3 |       ||     5
Evoke: Wand              |       |       |     2 |       |     2 |     1 ||     5
       Condenser vane    |       |       |       |       |     1 |     1 ||     2
  Use: Scroll            |       |       |    15 |    14 |    11 |       ||    40
       Potion            |       |       |       |     1 |     5 |       ||     6
 Stab: Sleeping          |     4 |       |       |       |       |       ||     4
       Distracted        |     1 |       |       |     1 |     1 |       ||     3
Armor: Animal skin       |     6 |       |       |       |       |       ||     6
       Ring mail         |     8 |    18 |       |       |       |       ||    26
       Scale mail        |       |    19 |    41 |    97 |   276 |       ||   433
       Chain mail        |       |       |    20 |       |       |       ||    20
       Fire dragon scale |       |       |       |       |    81 |       ||    81
       Ice dragon scales |       |       |       |       |    75 |   102 ||   177
Dodge: Dodged            |    38 |    40 |    86 |   143 |   641 |   126 ||  1074
Block: Other             |       |    11 |    32 |    49 |       |       ||    92
       Reflection        |       |     1 |       |       |       |       ||     1

Table legend: (Time is in decaauts)
 A = Elapsed time spent in this place.
 B = Non-inter-level travel time spent in this place.
 C = Inter-level travel time spent in this place.
 D = Time resting spent in this place.
 E = Time spent auto-exploring this place.
 F = Levels seen in this place.
 G = Mean time per level.
                   A        B        C        D        E       F      G
               +--------+--------+--------+--------+--------+-----+--------+
         Total |  33659 |  32406 |   1253 |   2348 |  25234 |  25 | 1346.4 |
       Dungeon |  19884 |  18997 |    887 |   1562 |  14593 |  15 | 1325.6 |
          Lair |  11825 |  11497 |    328 |    641 |   9403 |   6 | 1970.8 |
  Orcish Mines |   1338 |   1301 |     37 |    144 |    945 |   2 |  669.0 |
        Bailey |    342 |    342 |      0 |      0 |    143 |   1 |  342.0 |
      Ice Cave |    268 |    268 |      0 |      0 |    148 |   1 |  268.0 |
               +--------+--------+--------+--------+--------+-----+--------+

Top non-repeatable levels by time:
  Lair:4: 2687 daAuts
  Lair:5: 2519 daAuts
    D:15: 2484 daAuts
    D:14: 2395 daAuts
  Lair:1: 2067 daAuts
  Lair:6: 2025 daAuts
    D:10: 1682 daAuts
     D:3: 1681 daAuts
     D:7: 1521 daAuts
  Lair:2: 1343 daAuts
     D:4: 1263 daAuts
     D:8: 1202 daAuts
     D:9: 1187 daAuts
  Lair:3: 1181 daAuts
     D:1: 1169 daAuts
